 Dungeon Crawl Stone Soup version 0.30-a0-1018-g25214051b3 (webtiles) character file.

Game seed: 7946673369151432274

115 mongooserunner the Conjurer (level 4, -2/35 HPs)
             Began as a Draconian Conjurer on Apr 7, 2023.
             Was a Follower of Yredelemnul.
             Slain by Sigmund
             ... wielding a +0 scythe
              (10 damage)
             ... on level 3 of the Dungeon.
             The game lasted 00:08:45 (2384 turns).

mongooserunner the Conjurer (Draconian Conjurer)    Turns: 2384, Time: 00:08:46

Health: -2/35      AC:  5    Str: 10    XL:     4   Next: 68%
Magic:  2/7        EV: 12    Int: 20    God:    Yredelemnul [*.....]
Gold:   158        SH:  0    Dex:  9    Spells: 7/8 levels left

rFire   . . .      SeeInvis .    i - +0 spear (vamp)
rCold   . . .      Faith    .    (no shield)
rNeg    . . .      Spirit   .    (body armour unavailable)
rPois   .          Reflect  .    (helmet restricted)
rElec   .          Rampage  .    (no cloak)
rCorr   .                        (no gloves)
Will    .....                    (no boots)
Stlth   ++                       (no amulet)
HPRegen 0.25/turn                (no ring)
MPRegen 0.10/turn                (no ring)

@: no status effects
A: AC +5, unfitting armour, cold-blooded
a: Renounce Religion, Recall Undead Harvest


You were on level 3 of the Dungeon.
You worshipped Yredelemnul.
Yredelemnul was noncommittal.
You visited 1 branch of the dungeon, and saw 3 of its levels.

You collected 158 gold pieces.

Inventory:

Hand Weapons
 i - a +0 vampiric spear (weapon)
 j - a +4 dagger
Scrolls
 b - 3 scrolls of teleportation {unknown}
 c - a scroll of amnesia {unknown}
 d - a scroll of torment {unknown}
 e - 2 scrolls of noise {unknown}
 f - 3 scrolls of identify {unknown}
Potions
 a - 2 potions of magic
 g - 3 potions of heal wounds {unknown}
 h - a potion of berserk rage {unknown}


   Skills:
 * Level 1.4 Fighting
 + Level 1.6 Polearms
 + Level 1.9 Dodging
 + Level 2.1 Stealth
 * Level 2.6 Spellcasting
 * Level 4.9 Conjurations


You had 7 spell levels left.
You knew the following spells:

 Your Spells              Type           Power      Damage    Failure   Level
a - Magic Dart            Conj           88%        1d7       1%          1

Your spell library contained the following spells:

 Spells                   Type           Power      Damage    Failure   Level
 Searing Ray              Conj           44%        2d6       3%          2
 Freeze                   Ice            8%         1d3       16%         1
 Dazzling Flash           Conj/Hex       24%        N/A       16%         3
 Hailstorm                Conj/Ice       12%        3d5       16%         3
 Frozen Ramparts          Ice            4%         1d1       41%         3
 Fulminant Prism          Conj/Hex       6%         3d7       47%         4
 Iskenderun's Mystic Bla  Conj/Tloc      12%        2d5       47%         4


Dungeon Overview and Level Annotations

Branches:
Dungeon (3/15)

Altars:
Cheibriados
Yredelemnul

Shops:
D:3 =

Annotations:
D:3 Sigmund


Innate Abilities, Weirdness & Mutations

Your plain brown scales are hard. (AC +5)
You cannot fit into any form of body armour.
You are cold-blooded and may be slowed by cold attacks.


Message History

The boomerang hits you. Something hits you.
You swap places.
Something barely misses your frilled lizard zombie.
The orc throws a boomerang.
The boomerang barely misses your frilled lizard zombie.
The boomerang barely misses your kobold zombie.
The boomerang closely misses your adder zombie.
The boomerang barely misses you.
Your magical contamination has completely faded away.
Something hits your frilled lizard zombie!
Your frilled lizard zombie is destroyed!
You swap places.
You are too injured to fight recklessly!
Something barely misses your rat zombie.
An orc comes into view. It is wielding a +0 mace.
There are monsters nearby!
The orc barely misses something.
Something hits your goblin zombie!
You are too injured to fight recklessly!
You are too injured to fight recklessly!
Something hits you!
* * * LOW HITPOINT WARNING * * *
The orc hits you but does no damage.
The orc closely misses your goblin zombie.
You swap places.
The orc hits your adder zombie with a +0 club.
The orc throws a boomerang.
The boomerang hits your adder zombie. Something hits your goblin zombie.
Your goblin zombie is destroyed!
You swap places.
The orc misses you. The orc hits you with a +0 club.
* * * LOW HITPOINT WARNING * * *
Your hobgoblin zombie barely misses the orc.
You swap places.
The orc hits your adder zombie with a +0 club.
The orc barely misses your adder zombie.
The orc closely misses your adder zombie.
You are too injured to fight recklessly!
Okay, then.
You swap places.
Something hits you!
You die...
Your body rises from the dead as a mindless zombie.

.##...#.# #.#.. #. .##...#.#
#.#.# #Z ......#.# #.#.# #Z
.....)#.# #.#.#############.
.##.....# #.#............##Z
.##.#.#<##.#####.#..#.###.###.##.
.##.....##...........## ##Z##Z##.
.##.#.#.##...?.ooo...# #.Z.Z...
.##.....##.#####@#.Z.# #.Z#.#.#
.####.### .#####Z#..#.# #..##.##.
.# #.. ........Z..##......... .
.# .. ..#####.##.# #.##.##.##.
#.##.....###.#.# # #....### #
#..( ####.. ..# ###


You could see 3 orcs, a friendly adder zombie and a friendly rat zombie.

Vanquished Creatures
  6 adders
  A worm (D:2)
  2 dart slugs
  9 ball pythons
  4 bats
  4 endoplasms
  2 giant cockroaches
  A hobgoblin (D:3)
  3 jackals (D:1)
  4 kobolds
  2 quokkas
  A frilled lizard (D:3)
  5 goblins
  12 rats
56 creatures vanquished.

Vanquished Creatures (others)
  A frilled lizard zombie (D:3)
  A goblin zombie (D:3)
2 creatures vanquished.

Grand Total: 58 creatures vanquished

Notes
Turn   | Place    | Note
-------+----------+-------------------------------------------
     0 | D:1      | mongooserunner the Draconian Conjurer began the quest for
                  | the Orb.
     0 | D:1      | Reached XP level 1. HP: 14/14 MP: 3/3
   242 | D:1      | Reached XP level 2. HP: 20/20 MP: 1/5
   884 | D:2      | Reached XP level 3. HP: 27/27 MP: 6/6
  1529 | D:2      | Reached XP level 4. HP: 34/34 MP: 2/7
  1588 | D:2      | Reached skill level 1 in Fighting
  1686 | D:2      | Found a faded altar of an unknown god.
  1698 | D:2      | Prayed at the altar of an unknown god.
  1698 | D:2      | Became a worshipper of Yredelemnul the Dark
  1698 | D:2      | Reached * piety under Yredelemnul
  2002 | D:3      | Found Otasch's Jewellery Shop.
  2008 | D:3      | Reached skill level 1 in Polearms
  2111 | D:3      | Found a snail-covered altar of Cheibriados.
  2360 | D:3      | Noticed Sigmund
  2384 | D:3      | Slain by Sigmund

Illustrated notes

Levels and vault maps discovered:
D:1:      minmay_arrival_four_circles, layout_basic, roderic_st_hans_cross,
          minmay_rat_gold_closets
D:2:      layout_basic, basic_ecumenical_altar, kennysheep_flooded_box
D:3:      layout_loops_ring, mainiacjoe_overflow_catwalk,
          chequers_temple_overflow_minitemple, serial_shops,
          nicolae_shop_crystal, uniq_sigmund

Skill      XL: |  1  2  3  4 |
---------------+-------------+-----
Stealth        | 2 |  2.1
Fighting       | 1 |  1.4
Polearms       | 1 |  1.6
Dodging        | |  1.9
Spellcasting   | |  2.6
Conjurations   | |  4.9

Action                     |  1- 3 |  4- 6 || total
---------------------------+-------+-------++-------
  Melee: Unarmed           |     2 |       ||     2
         Tailslap          |    10 |     4 ||    14
         Spear             |    89 |    54 ||   143
         Punch             |     2 |     1 ||     3
   Cast: Magic Dart        |    27 |    23 ||    50
   Stab: Sleeping          |     8 |     4 ||    12
 Armour: Skin              |    25 |    21 ||    46
  Dodge: Dodged            |    36 |    33 ||    69

Table legend: (Time is in decaauts)
 A = Elapsed time spent in this place.
 B = Non-inter-level travel time spent in this place.
 C = Inter-level travel time spent in this place.
 D = Time resting spent in this place.
 E = Time spent auto-exploring this place.
 F = Levels seen in this place.
 G = Mean time per level.
                   A        B        C        D        E       F      G
               +--------+--------+--------+--------+--------+-----+--------+
         Total |   2392 |   2295 |     97 |      0 |   1912 |   3 |  797.3 |
       Dungeon |   2392 |   2295 |     97 |      0 |   1912 |   3 |  797.3 |
               +--------+--------+--------+--------+--------+-----+--------+

Top non-repeatable levels by time:
     D:2: 1089 daAuts
     D:1: 871 daAuts
     D:3: 430 daAuts
